 Dungeon Crawl Stone Soup version 0.30-a0-371-gad7725a93e (webtiles) character file.

Game seed: 1787786091518262278

2676 Elric the Cleaver (level 9, -2/81 HPs)
             Began as a Minotaur Fighter on Nov 20, 2022.
             Was an Initiate of Okawaru.
             Slain by Joseph
             ... wielding a +4 vorpal quarterstaff
              (5 damage)
             ... on level 7 of the Dungeon.
             The game lasted 00:08:02 (5203 turns).

Elric the Cleaver (Minotaur Fighter)                Turns: 5203, Time: 00:08:02

Health: -2/81      AC: 12    Str: 25    XL:     9   Next: 37%
Magic:  8/8        EV:  6    Int:  5    God:    Okawaru [......]
Gold:   287        SH: 14    Dex: 10    Spells: 8/8 levels left

rFire   . . .      SeeInvis .    f - +2 hand axe (vorpal)
rCold   . . .      Faith    .    b - +0 tower shield
rNeg    . . .      Spirit   .    h - +4 scale mail
rPois   .          Reflect  .    (helmet restricted)
rElec   .          Harm     .    (no cloak)
rCorr   .          Rampage  .    (no gloves)
Will    .....                    w - +0 pair of boots
Stlth   ..........               (no amulet)
HPRegen 0.33/turn                (no ring)
MPRegen 0.11/turn                (no ring)

@: no status effects
A: horns 2, retaliatory headbutt
a: Renounce Religion


You were on level 7 of the Dungeon.
You worshipped Okawaru.
Okawaru was noncommittal.
You visited 2 branches of the dungeon, and saw 8 of its levels.

You collected 287 gold pieces.

Inventory:

Hand Weapons
 a - a +0 war axe
 f - a +2 vorpal hand axe (weapon)
Armour
 b - a +0 tower shield (worn)
 c - a +0 buckler
 h - a +4 scale mail (worn)
 w - a +0 pair of boots (worn)
Jewellery
 k - an amulet of regeneration
 v - an amulet of faith
 y - an amulet of reflection
 A - a +4 ring of slaying
Wands
 l - a wand of acid (4)
Scrolls
 d - a scroll of teleportation {unknown}
 e - 2 scrolls of vulnerability {unknown}
 g - 8 scrolls of identify {unknown}
 i - 4 scrolls of noise {unknown}
 j - a scroll of enchant armour {unknown}
 m - 5 scrolls of immolation {unknown}
 n - a scroll of amnesia {unknown}
 u - a scroll of magic mapping {unknown}
 z - a scroll of silence {unknown}
Potions
 o - 2 potions of heal wounds
 p - a potion of invisibility {unknown}
 q - a potion of might
 r - 2 potions of brilliance {unknown}
 s - a potion of degeneration {unknown}
 t - a potion of flight
 x - 3 potions of curing {unknown}


   Skills:
 + Level 8.1 Fighting
 * Level 11.5 Axes
 - Level 3.7 Armour
 * Level 8.2 Shields


You had 8 spell levels left.
You didn't know any spells.
Your spell library contained the following spells:

 Spells                   Type           Power      Damage    Failure   Level
 Freeze                   Ice            0%         1d3       100%        1
 Sandblast                Erth           0%         2d4       100%        1
 Passwall                 Tmut/Erth      0%         N/A       100%        2
 Scorch                   Fire           0%         2d5       100%        2
 Frozen Ramparts          Ice            0%         1d1       100%        3
 Hailstorm                Conj/Ice       0%         3d3       100%        3
 Stone Arrow              Conj/Erth      0%         3d7       100%        3
 Flame Wave               Conj/Fire      0%         2d4       100%        4
 Chain Lightning          Conj/Air       0%         N/A       100%        9
 Fire Storm               Conj/Fire      0%         5d1       100%        9
 Shatter                  Erth           0%         3d5*      100%        9
 Summon Cactus Giant      Summ           Unusable   N/A       N/A         6

Dungeon Overview and Level Annotations

Branches:
Dungeon (7/15)             Temple (1/1) D:6

Altars:
Cheibriados
Dithmenos
Elyvilon
Fedhas
Kikubaaqudgha
Okawaru
Ru
Sif Muna
Trog
Uskayaw
Vehumet
Wu Jian
Xom
Yredelemnul
Zin

Annotations:
D:5 exclusion: statue
D:7 Joseph


Innate Abilities, Weirdness & Mutations

You have a pair of horns on your head.
You reflexively headbutt those who attack you in melee.


Message History

Joseph is nearby!
Joseph is nearby!
Joseph shoots a sling bullet.
You block the sling bullet.
Joseph unwields a +0 sling.
Joseph wields a +4 vorpal quarterstaff.
Joseph hits you with a +4 vorpal quarterstaff.
You closely miss Joseph. Your headbutt misses Joseph.
Joseph hits you with a +4 vorpal quarterstaff!
You slash Joseph! You headbutt Joseph.
Joseph is moderately wounded.
You block Joseph's attack.
You hit Joseph but do no damage. Your headbutt misses Joseph.
Joseph is moderately wounded.
Joseph hits you with a +4 vorpal quarterstaff!
You closely miss Joseph.
Joseph is moderately wounded.
Joseph hits you with a +4 vorpal quarterstaff!
You are too injured to fight recklessly!
You are too injured to fight recklessly!
You hit Joseph.
Joseph is moderately wounded.
You block Joseph's attack.
You slash Joseph! You headbutt Joseph!
Joseph is severely wounded.
You block Joseph's attack.
You closely miss Joseph. You headbutt Joseph.
Joseph is severely wounded.
Joseph smiles happily.
Joseph hits you with a +4 vorpal quarterstaff.
You hit Joseph but do no damage.
Joseph is severely wounded.
Joseph hits you with a +4 vorpal quarterstaff!
* * * LOW HITPOINT WARNING * * *
x2 You hit Joseph but do no damage.
You headbutt Joseph, but do no damage.
Joseph is severely wounded.
Joseph completely misses you.
You hit Joseph.
Joseph is almost dead.
Joseph hits you with a +4 vorpal quarterstaff!!
* * * LOW HITPOINT WARNING * * *
You die...

... ..#### #.....#
..# #..... #.....
...## .#..... ...<.
...## ......##...
#...# #.....#..
[..## #.....#.#
#...# #.....#.#
#...# #....@..###
### #...#
#...@##...## #.#
#..##
.....###..#..###>#
#.## ####
#..###..##.###.###
.......#..#........
###.###.............
#. ###........... #.
###......... ..
............


You could see Joseph.

Vanquished Creatures
  The ghost of grizmgrazm2 the Destroyer, a novice DECj of Vehumet (D:5)
  Eustachio (D:6)
  A steam dragon (D:5)
  A water moccasin (D:6)
  An ice beast (D:7)
  2 orc warriors
  2 sky beasts (D:6)
  2 ogres
  A black bear (D:5)
  2 centaurs
  3 scorpions
  2 necrophages
  2 howler monkeys (D:6)
  A vampire bat (D:3)
  3 hounds
  Crazy Yiuf (D:5)
  4 orc priests
  A gnoll bouda (D:6)
  Terence (D:2)
  2 iguanas (D:6)
  6 orc wizards
  3 gnolls (D:6)
  6 adders
  A white imp (D:7)
  3 worms
  3 dart slugs
  3 fire bats (D:3)
  11 orcs
  2 spectral bats (D:3)
  3 bat skeletons (D:3)
  A bat zombie (D:3)
  6 endoplasms
  A giant cockroach (D:1)
  8 goblins
  16 hobgoblins
  5 jackals
  6 quokkas
  9 ball pythons
  15 bats
  A bat simulacrum (D:3)
  8 frilled lizards
  7 kobolds
  4 rats
162 creatures vanquished.

Vanquished Creatures (others)
  3 fungi (D:1)
3 creatures vanquished.

Grand Total: 165 creatures vanquished

Notes
Turn   | Place    | Note
-------+----------+-------------------------------------------
     0 | D:1      | Elric the Minotaur Fighter began the quest for the Orb.
     0 | D:1      | Reached XP level 1. HP: 19/19 MP: 0/0
    86 | D:1      | Reached skill level 3 in Axes
   143 | D:1      | Reached XP level 2. HP: 27/27 MP: 1/1
   468 | D:1      | Found a faded altar of an unknown god.
   555 | D:2      | Reached skill level 4 in Axes
   606 | D:2      | Reached XP level 3. HP: 33/33 MP: 2/2
   699 | D:2      | Found a shimmering blue altar of Sif Muna.
   797 | D:2      | Noticed Terence
   804 | D:2      | Killed Terence
   805 | D:2      | Reached skill level 5 in Axes
  1090 | D:2      | Reached XP level 4. HP: 40/40 MP: 3/3
  1507 | D:3      | Noticed an orc warrior
  1522 | D:3      | Killed an orc warrior
  1523 | D:3      | Reached skill level 6 in Axes
  1523 | D:3      | Reached XP level 5. HP: 22/47 MP: 4/4
  1920 | D:3      | Reached skill level 7 in Axes
  1920 | D:3      | Reached XP level 6. HP: 55/55 MP: 5/5
  1969 | D:3      | Reached skill level 5 in Fighting
  2172 | D:4      | Noticed an orc warrior
  2381 | D:3      | Reached skill level 8 in Axes
  2444 | D:4      | Killed an orc warrior
  2445 | D:4      | Reached XP level 7. HP: 39/62 MP: 6/6
  2512 | D:4      | Found a white marble altar of Elyvilon.
  2798 | D:4      | Reached skill level 9 in Axes
  3250 | D:5      | Entered Level 5 of the Dungeon
  3300 | D:5      | Found a runed translucent door.
  3348 | D:5      | Reached XP level 8. HP: 64/71 MP: 7/7
  3397 | D:5      | Reached skill level 5 in Shields
  3416 | D:5      | Found a sacrificial altar of Ru.
  3498 | D:5      | Found a runed translucent door.
  3499 | D:5      | Noticed Crazy Yiuf
  3597 | D:5      | Noticed grizmgrazm2's ghost (novice DECj)
  3654 | D:5      | Reached skill level 10 in Axes
  3698 | D:5      | Found a radiant altar of Vehumet.
  3723 | D:5      | Killed Crazy Yiuf
  3934 | D:6      | Reached XP level 9. HP: 39/79 MP: 0/8
  3945 | D:6      | Noticed Eustachio
  3956 | D:6      | Killed Eustachio
  3957 | D:6      | Reached skill level 11 in Axes
  4192 | D:6      | Found a staircase to the Ecumenical Temple.
  4216 | Temple   | Entered the Ecumenical Temple
  4350 | Temple   | Became a worshipper of Warmaster Okawaru
  4597 | D:5      | Killed grizmgrazm2's ghost
  4808 | D:6      | Found an ornate altar of the Wu Jian Council.
  5061 | D:6      | Found an ancient bone altar of Kikubaaqudgha.
  5191 | D:7      | Noticed Joseph
  5203 | D:7      | HP: 3/81 [Joseph/+4 vorpal quarterstaff (18)]
  5203 | D:7      | Slain by Joseph

Illustrated notes

Levels and vault maps discovered:
D:1:      spicycebolla_green_bress_n_ham, layout_loops_ring,
          shapermc_ecumenical_altar_acropolis, minmay_pentomino_r2
D:2:      layout_loops_ring, basic_altar, grunt_ministairs_9, uniq_terence
D:3:      minmay_razor_zed, layout_rooms, eino_curves_03, goddamned_bats
D:4:      layout_loops_ring, mainiacjoe_overflow_brackets
D:5:      layout_rooms, vehumet_statue, mainiacjoe_overflow_paths,
          hellmonk_ghost_happy_afterlife, chequers_serial_rivers_room_b,
          solitary_fountain, uniq_crazy_yiuf_cottage
D:6:      layout_loops_ring, pdpol_wu_jian_five_deadly_venoms,
          lemuel_crystal_altar, minmay_temple_entry_waves, uniq_eustachio
D:7:      layout_rooms, nemelex_xobeh_ov_fountains_minmay,
          nicolae_tso_carved_into_rock, serial_shops, shop, serial_curves,
          eino_curves_02, eino_curves_02, eino_curves_03, grunt_ministairs_10,
          uniq_joseph
Temple:   nicolae_temple_figure_zero

Skill      XL: |  1  2  3  4  5  6  7  8  9 |
---------------+----------------------------+-----
Axes           | 3 4 5 6 7 8 9 10 11 | 11.5
Fighting       | 4 5 6 7 8 |  8.1
Shields        | 4 7 8 |  8.2
Armour         | |  3.7

Action                   |  1- 3 |  4- 6 |  7- 9 || total
-------------------------+-------+-------+-------++-------
Melee: War axe           |     8 |       |       ||     8
       Hand axe          |    61 |   115 |   220 ||   396
       Headbutt          |     5 |    11 |    44 ||    60
Evoke: Wand              |       |     5 |       ||     5
  Use: Potion            |       |     3 |     1 ||     4
Armor: Scale mail        |    27 |    72 |    95 ||   194
Dodge: Dodged            |    28 |    56 |    43 ||   127
Block: Buckler           |    14 |    26 |       ||    40
       Tower shield      |       |     9 |   140 ||   149

Table legend: (Time is in decaauts)
 A = Elapsed time spent in this place.
 B = Non-inter-level travel time spent in this place.
 C = Inter-level travel time spent in this place.
 D = Time resting spent in this place.
 E = Time spent auto-exploring this place.
 F = Levels seen in this place.
 G = Mean time per level.
                   A        B        C        D        E       F      G
               +--------+--------+--------+--------+--------+-----+--------+
         Total |   5260 |   4781 |    479 |    463 |   3358 |   8 |  657.5 |
       Dungeon |   5113 |   4665 |    448 |    463 |   3245 |   7 |  730.4 |
        Temple |    146 |    115 |     31 |      0 |    113 |   1 |  146.0 |
               +--------+--------+--------+--------+--------+-----+--------+

Top non-repeatable levels by time:
     D:3: 1076 daAuts
     D:6: 1060 daAuts
     D:4: 860 daAuts
     D:2: 790 daAuts
     D:5: 707 daAuts
     D:1: 557 daAuts
  Temple: 146 daAuts
     D:7: 59 daAuts
